cohdb
Replays
Latest Replays
All Replays
Popular Replays
Top Player Replays
Match Explorer
How It Works
Community
CoH3 Stats
Reddit
Sign in to upload your games and track your stats! →
Sign in with Steam
Match 44652218
Unlisted
Match 44652218
Overview
Messages
Build Orders
End
Construct Infanterie Kompanie
Selects Luftwaffe Battlegroup
Selects Luftwaffe Pioneer Support
Fallschirmpioneer Squad Paradrop
MG 42 Machine Gun Team
MG 42 Machine Gun Team
Selects Stuka Strafing Run
Stuka Strafing Run
MG 42 Bunker
GrW 34 Mortar Team
Stuka Strafing Run
Construct Luftwaffe Kompanie
Support Elements
Stuka Strafing Run
Wirbelwind Flakpanzer
Fallschirmpioneer Squad Paradrop
Luftwaffe Officer Quarters
Construct Panzer Kompanie
Joraad
matt197
akGeneral
Bombardilo Crocodilo
PotatoBotVR
manugarneau420
simonbazin420
Serebulia
0
0
Comments
sign in to comment!
No comments posted yet!